 Dungeon Crawl Stone Soup version 0.21-a0-221-gfe971b9 (webtiles) character file.

154 Maesen the Vexing (level 5, -3/24 HPs)
             Began as a Spriggan Enchanter on Aug 26, 2017.
             Slain by an orc warrior
             ... wielding a +0 dire flail
              (15 damage)
             ... on level 3 of the Dungeon.
             The game lasted 00:05:23 (3164 turns).

Maesen the Vexing (Spriggan Enchanter)              Turns: 3164, Time: 00:05:24

Health: -3/24      AC:  2    Str:  4    XL:     5   Next: 13%
Magic:  8/13       EV: 18    Int: 17    God:
Gold:   81         SH:  0    Dex: 17    Spells: 4/13 levels left

rFire    . . .     SeeInvis +   a - +2 dagger
rCold    . . .     Gourm    .   (shield restricted)
rNeg     . . .     Faith    .   b - +0 robe
rPois    .         Spirit   .   (helmet restricted)
rElec    .         Reflect  .   (no cloak)
rCorr    +         Harm     .   (gloves unavailable)
MR       .....                  (boots unavailable)
Stlth    +++.......             (no amulet)
HPRegen  0.08/turn              h - ring of resist corrosion
MPRegen  0.13/turn              (no ring)

@: very quick
A: unfitting armour, see invisible, herbivore 3, speed 3, slow metabolism 2
a: no special abilities


You were on level 3 of the Dungeon.
You were not hungry.

You visited 1 branch of the dungeon, and saw 3 of its levels.

You collected 81 gold pieces.

Inventory:

Hand Weapons
 a - a +2 dagger (weapon)
 i - a cursed -2 short sword
Armour
 b - a +0 robe (worn)
Jewellery
 h - a ring of resist corrosion (left hand)
Wands
 j - a wand of lightning (10/15)
Potions
 e - a potion of lignification
 f - a potion of curing {unknown}
Books
 c - a book of Maledictions

   Spells                             Type                      Level
   a - Corona                         Hexes                        1
   b - Ensorcelled Hibernation        Hexes/Ice                    2
   c - Confuse                        Hexes                        3
   d - Tukima's Dance                 Hexes                        3
   e - Dazzling Spray                 Conjuration/Hexes            3
Comestibles
 d - 3 bread rations


   Skills:
 - Level 1.1 Short Blades
 - Level 3.0 Dodging
 + Level 4.6 Stealth
 - Level 4.8 Spellcasting
 - Level 5.6 Hexes


You had 4 spell levels left.
You knew the following spells:

 Your Spells              Type           Power        Failure   Level  Hunger
a - Ensorcelled Hibernat  Hex/Ice        ##....       7%          2    #......
b - Corona                Hex            ###....      1%          1    None
c - Confuse               Hex            ###.....     4%          3    ###....
d - Tukima's Dance        Hex            ###.....     4%          3    ###....


Dungeon Overview and Level Annotations

Branches:
Dungeon (3/15)

Altars:
Yredelemnul


Innate Abilities, Weirdness & Mutations

You are very small and have problems with some larger weapons.
You are too small for most types of armour.
You have supernaturally acute eyesight. (SInv)
You are a herbivore.
You cover ground extremely quickly.
You need consume almost no food.


Message History

You hit the orc warrior but do no damage.
The orc warrior is severely wounded.
The orc warrior seems less confused.
The orc warrior completely misses you.
Casting: Confuse
Confirm with . or Enter, or press ? or * to list all spells.
Aiming: Confuse
Press: ? - help, Shift-Dir - straight line, f/p - orc warrior
Aim: an orc warrior, wielding a dire flail and wearing a plate armour (heavily wounded, chance to defeat MR: 52%)
The orc warrior appears confused.
The orc warrior closely misses you.
You hit the orc warrior but do no damage.
The orc warrior is heavily wounded.
The orc warrior barely misses you.
You hit the orc warrior but do no damage.
The orc warrior is heavily wounded.
You hit the orc warrior but do no damage.
The orc warrior is heavily wounded.
The orc warrior hits you with a dire flail!
Ouch! That really hurt!
You die...

# .#..?.##........#######.#####..
#. ...#.#.........†..............
..##..#...........#....###.####..
..................####.# #.#
#.................# #.###.#####
...[..............# #...#.#...#
..................# ###.......#
.......†...################....#
.............†oo@.......###....##
.#...#...##############..........
######### ######...## #...# #...#
#...# #####


You could see an orc warrior (confused) and an orc.

Vanquished Creatures
  A scorpion (D:3)
  5 adders
  An ooze (D:1)
  4 leopard geckos
  2 orcs (D:3)
  A ball python (D:2)
  3 giant cockroaches
  4 goblins
  8 hobgoblins
  3 jackals (D:3)
  5 bats
  3 frilled lizards
  6 kobolds
  6 rats
52 creatures vanquished.

Notes
Turn   | Place    | Note
-------+----------+-------------------------------------------
     0 | D:1      | Maesen the Spriggan Enchanter began the quest for the Orb.
     0 | D:1      | Reached XP level 1. HP: 9/9 MP: 5/5
    35 | D:1      | Reached XP level 2. HP: 13/13 MP: 7/7
    39 | D:1      | Learned a level 2 spell: Ensorcelled Hibernation
    47 | D:1      | Reached skill level 4 in Hexes
   132 | D:2      | Found a faded altar of an unknown god.
  1385 | D:1      | Reached XP level 3. HP: 8/16 MP: 0/9
  1390 | D:1      | Learned a level 3 spell: Confuse
  1394 | D:1      | Learned a level 3 spell: Tukima's Dance
  2331 | D:2      | Reached skill level 5 in Hexes
  2377 | D:2      | Reached XP level 4. HP: 21/21 MP: 11/11
  2513 | D:3      | Found a basalt altar of Yredelemnul.
  2992 | D:3      | Reached XP level 5. HP: 19/24 MP: 4/13
  3114 | D:3      | Noticed an orc warrior
  3164 | D:3      | Slain by an orc warrior

Vault maps used:
D:1:      dpeg_arrival_arbitrary_b
D:2:      chequers_ecumenical_altar_simple_redux, first_bread
D:3:      serial_glass, glass_columns_a, glass_columns_b,
          yredelemnul_altar_generic, uniq_natasha

Skill      XL: |  1  2  3 |
---------------+----------+-----
Spellcasting   | 3 4 |  4.8
Hexes          | 4 5 |  5.6
Short Blades   | |  1.1
Dodging        | |  3.0
Stealth        | |  4.6

Action                   |  1- 3 |  4- 6 || total
-------------------------+-------+-------++-------
Melee: Dagger            |    85 |    78 ||   163
 Cast: Ensorcelled Hiber |    23 |     7 ||    30
       Corona            |     3 |       ||     3
       Confuse           |       |     3 ||     3
       Tukima's Dance    |       |     1 ||     1
  Use: Scroll            |     4 |       ||     4
 Stab: Sleeping          |    17 |     6 ||    23
       Confused          |       |     1 ||     1
  Eat: Royal jelly       |       |     1 ||     1
Armor: Robe              |     5 |     9 ||    14
Dodge: Dodged            |    67 |    79 ||   146

Table legend:
 A = Spawn XP
 B = Non-spawn XP
 C = Spawn XP percentage of total XP
 D = Spawn monster count
 E = Non-spawn monster count
 F = Spawn count percentage of total count
 G = Total turns spent on level
                    A         B        C        D         E        F      G
               +---------+---------+-------+---------+---------+-------+---------
         Total |      47 |     173 |  21.4 |       7 |      45 |  13.5 |  3164
               +---------+---------+-------+---------+---------+-------+---------
           D:1 |      15 |      40 |  27.3 |       2 |      19 |   9.5 |  1457
           D:2 |      32 |      24 |  57.1 |       5 |       8 |  38.5 |  1056
           D:3 |       0 |     109 |   0.0 |       0 |      18 |   0.0 |   651
               +---------+---------+-------+---------+---------+-------+---------
